 Dungeon Crawl Stone Soup version 0.23.0 (webtiles) character file.

Game seed: 5389668341061767180

3060 Laan the Scholar of Death (level 9, -2/71 HPs)
             Began as a Demonspawn Necromancer on Feb 12, 2019.
             Was a Follower of Kikubaaqudgha.
             Killed from afar by Erica (39 damage)
             ... with a bolt of poison
             ... on level 10 of the Dungeon on Feb 13, 2019.
             The game lasted 00:33:22 (11153 turns).

Laan the Scholar of Death (Demonspawn Necromancer) Turns: 11153, Time: 00:33:22

Health: -2/71      AC: 11    Str:  8    XL:     9   Next: 57%
Magic:  1/12       EV: 10    Int: 20    God:    Kikubaaqudgha [*.....]
Gold:   408        SH:  4    Dex: 16    Spells: 8/12 levels left

rFire    . . .     SeeInvis .   y - +3 trident (pierce)
rCold    + + .     Gourm    .   B - +0 buckler
rNeg     . . .     Faith    .   r - +0 ring mail {rC+}
rPois    .         Spirit   .   (no helmet)
rElec    .         Reflect  .   q - +2 cloak {MR+}
rCorr    .         Harm     .   w - +0 pair of gloves
MR       +....                  u - +1 pair of boots
Stlth    ++........             (no amulet)
HPRegen  0.21/turn              j - +2 ring of dexterity
MPRegen  0.13/turn              v - ring of stealth

@: lethally poisoned (-2 -> -18), very slightly contaminated
A: talons 2, cold resistance 1, icemail, freezing cloud immunity
a: Receive Corpses, Renounce Religion


You were on level 10 of the Dungeon.
You worshipped Kikubaaqudgha.
Kikubaaqudgha was aware of your devotion.
You were not hungry.

You visited 2 branches of the dungeon, and saw 11 of its levels.

You collected 471 gold pieces.
You spent 63 gold pieces at shops.

Inventory:

Hand Weapons
 g - a +1 trident
 y - a +3 trident of piercing (weapon)
Armour
 q - a +2 cloak of magic resistance (worn)
 r - a +0 ring mail of cold resistance (worn)
 u - a +1 pair of boots (worn)
 w - a +0 pair of gloves (worn)
 B - a +0 buckler (worn)
Jewellery
 j - a +2 ring of dexterity (left hand)
 v - a ring of stealth (right hand)
Wands
 o - a wand of acid (4)
 p - a wand of polymorph (6)
 x - a wand of enslavement (13)
Scrolls
 a - a scroll of blinking
 d - 3 scrolls of teleportation
 h - 2 scrolls of amnesia
 i - 2 scrolls of identify
 l - 2 scrolls of immolation
 n - 2 scrolls of enchant armour {unknown}
 t - 5 scrolls of remove curse
 C - a scroll of fear {unknown}
 D - a scroll of vulnerability {unknown}
 E - a scroll of random uselessness {unknown}
Potions
 e - a potion of haste
 f - a potion of magic {unknown}
 k - a potion of resistance {unknown}
 m - a potion of brilliance {unknown}
 s - a potion of mutation {unknown}
 z - 3 potions of lignification {unknown}
Comestibles
 c - 13 rations


   Skills:
 + Level 6.6 Fighting
 + Level 8.2 Polearms
 - Level 1.7 Dodging
 - Level 1.7 Stealth
 * Level 2.2 Shields
 - Level 2.0 Spellcasting
 + Level 8.6 Necromancy


You had 8 spell levels left.
You knew the following spells:

 Your Spells              Type           Power        Failure   Level  Hunger
a - Pain                  Necr           ####         1%          1    #......
b - Regeneration          Chrm/Necr      ###.......   30%         3    ###....

Your spell library contained the following spells:

 Spells                   Type           Power        Failure   Level  Hunger
 Animate Skeleton         Necr           N/A          1%          1    #......
 Sublimation of Blood     Necr           #####.....   2%          2    ##.....
 Vampiric Draining        Necr           #####.....   5%          3    ###....
 Animate Dead             Necr           N/A          17%         4    #####..
 Corona                   Hex            #......      52%         1    #......
 Slow                     Hex            #.......     67%         2    ##.....
 Inner Flame              Hex/Fire       #.......     88%         3    ###....
 Portal Projectile        Hex/Tloc       #.....       88%         3    ###....
 Cause Fear               Hex            #.........   99%         4    #####..
 Leda's Liquefaction      Hex/Erth       #.........   99%         4    #####..


Dungeon Overview and Level Annotations

Branches:
Dungeon (10/15)            Temple (1/1) D:4
   Lair: D:8-11         Orc: D:9-12

Altars:
Ashenzari
Cheibriados
Dithmenos
Elyvilon
Gozag
Kikubaaqudgha
Makhleb
Okawaru
Qazlal
Sif Muna
Trog
Wu Jian
Xom
Yredelemnul
The Shining One

Shops:
D:5 [   D:8 [?[

Annotations:
D:8 Gastronok
D:9 1 runed translucent door
D:10 Erica


Innate Abilities, Weirdness & Mutations

You have razor-sharp toenails.
Your flesh is cold resistant. (rC+)
A meltable icy envelope protects you from harm. (AC +0)
You are immune to freezing clouds.


Message History

You hear some strange, mumbled words.
A bolt of poison appears from out of thin air!
The bolt of poison hits you!
You are poisoned.
You hit something.
You feel sick. Something hits you. Something burns you.
You completely miss something.
You feel sick.
You puncture something!
You feel sick. Something hits you!
* * * LOW HITPOINT WARNING * * *
Something burns you.
* * * LOW HITPOINT WARNING * * *
You feel much better.
You feel sick. Something hits you. Something burns you.
You closely miss something. Something hits you but does no damage.
You closely miss something.
You feel sick.
You hear some strange, mumbled words.
A bolt of poison appears from out of thin air!
The bolt of poison hits you!!!
You are more poisoned.
Ouch! That really hurt!
You die...
Kikubaaqudgha rasps: "You have failed me!
Welcome... death!"

######.# .......#
.<.....# ......#
#############.....#
............#.....#
......{@....#.....#
............'..#..#
.......$....#.....#
...##.....###.....#
.. #.....#.......#
. #......#.#####.#
#......#.#####.#
#......#.......#
########.......#


There were no monsters in sight!

Vanquished Creatures
  A wyvern (D:8)
  Menkaure (D:4)
  Duvessa (D:4)
  An orc warrior (D:6)
  A necrophage (D:6)
  A black bear (D:6)
  An ice beast (D:6)
  2 sky beasts
  3 ogres
  5 centaurs
  3 bullfrogs
  Dowan (D:4)
  A wyvern skeleton (D:7)
  A scorpion (D:4)
  3 howler monkeys
  3 crimson imps (D:6)
  3 jellies
  A centaur zombie (D:7)
  6 hounds
  3 bullfrog zombies
  An orc priest (D:6)
  A centaur skeleton (D:5)
  2 orc wizards
  7 worker ants
  A hound skeleton (D:4)
  3 gnolls (D:8)
  4 adders
  A howler monkey skeleton (D:7)
  A shadow imp (D:6)
  4 adder zombies
  An adder skeleton (D:6)
  5 worms
  2 dart slugs
  2 leopard geckos
  14 orcs
  6 giant cockroaches
  8 goblins
  6 hobgoblins
  20 jackals
  3 quokkas
  A ball python skeleton (D:4)
  3 bats
  5 frilled lizards
  A giant cockroach zombie (D:5)
  2 jackal skeletons
  7 kobolds
  10 rats
163 creatures vanquished.

Notes
Turn   | Place    | Note
-------+----------+-------------------------------------------
     0 | D:1      | Laan the Demonspawn Necromancer began the quest for the
                  | Orb.
     0 | D:1      | Reached XP level 1. HP: 13/13 MP: 3/3
   559 | D:1      | Reached skill level 1 in Fighting
   559 | D:1      | Gained mutation: Your flesh is cold resistant. (rC+)
                  | [demonic ancestry]
   559 | D:1      | Reached XP level 2. HP: 18/21 MP: 0/5
  1516 | D:2      | Reached skill level 5 in Necromancy
  1516 | D:2      | Gained mutation: You have sharp toenails. [demonic
                  | ancestry]
  1516 | D:2      | Reached XP level 3. HP: 26/27 MP: 3/6
  1553 | D:2      | Learned a level 3 spell: Regeneration
  1866 | D:2      | Reached skill level 1 in Polearms
  2554 | D:3      | Reached XP level 4. HP: 31/33 MP: 4/7
  3634 | D:4      | Found a shadowy altar of Dithmenos.
  3663 | D:4      | Gained mutation: You are immune to freezing clouds.
                  | [demonic ancestry]
  3663 | D:4      | Reached XP level 5. HP: 28/39 MP: 3/8
  3783 | D:4      | Noticed Dowan
  4052 | D:4      | Noticed Menkaure
  4070 | D:4      | Killed Menkaure
  4070 | D:4      | Gained mutation: A meltable icy envelope protects you from
                  | harm. (AC +0) [demonic ancestry]
  4070 | D:4      | Reached XP level 6. HP: 47/47 MP: 9/9
  4096 | D:4      | Noticed Duvessa
  4117 | D:4      | Killed Duvessa
  4207 | D:4      | Killed Dowan
  4559 | D:4      | Found a basalt altar of Yredelemnul.
  4587 | D:4      | Found a glowing golden altar of the Shining One.
  4636 | D:4      | Found a staircase to the Ecumenical Temple.
  4646 | Temple   | Entered the Ecumenical Temple
  4675 | Temple   | Became a worshipper of Kikubaaqudgha
  4713 | D:5      | Entered Level 5 of the Dungeon
  4723 | D:5      | Reached XP level 7. HP: 48/52 MP: 4/10
  5338 | D:5      | Found Tetzy's Antique Armour Emporium.
  5568 | D:5      | Found a bloodstained altar of Trog.
  5571 | D:5      | Found a snail-covered altar of Cheibriados.
  5574 | D:5      | Found a shimmering altar of Xom.
  5815 | D:5      | Reached skill level 5 in Polearms
  6128 | D:6      | Found a stormy altar of Qazlal.
  6354 | D:6      | Reached XP level 8. HP: 59/61 MP: 6/11
  6628 | D:6      | Found an opulent altar of Gozag.
  6695 | D:5      | Reached skill level 5 in Fighting
  6830 | D:6      | Reached * piety under Kikubaaqudgha
  6830 | D:6      | Identified Kikubaaqudgha's Handbook of Sinister Secrets
                  | (Kikubaaqudgha gifted it to you on level 6 of the Dungeon)
  6830 | D:6      | Received a gift from Kikubaaqudgha
  7721 | D:7      | Gained mutation: You have razor-sharp toenails. [demonic
                  | ancestry]
  7721 | D:7      | Reached XP level 9. HP: 63/69 MP: 3/12
  7813 | D:7      | Found a deep blue altar of Sif Muna.
  8926 | D:8      | Found Ycwoir's Antique Armour Shop.
  9109 | D:8      | Noticed a two-headed ogre
  9414 | D:8      | Found Hutait's Armour Shop.
  9418 | D:8      | Bought a +0 buckler for 63 gold pieces
  9529 | D:8      | Found Diawn's Magic Scroll Boutique.
  9657 | D:8      | Reached skill level 1 in Shields
  9959 | D:8      | Noticed Gastronok
 10503 | D:9      | Found a runed translucent door.
 10503 | D:9      | Noticed an ice dragon
 10503 | D:9      | Noticed a freezing wraith
 10503 | D:9      | Noticed an ogre mage
 10504 | D:9      | Noticed a stone giant
 10505 | D:9      | Noticed an ogre mage
 10505 | D:9      | Noticed a fire giant
 10505 | D:9      | Noticed an ogre mage
 10505 | D:9      | Noticed an ice dragon
 10728 | D:9      | Found a white marble altar of Elyvilon.
 11080 | D:10     | Entered Level 10 of the Dungeon
 11123 | D:10     | Noticed Erica
 11153 | D:10     | Killed from afar by Erica

Skill      XL: |  1  2  3  4  5  6  7  8  9 |
---------------+----------------------------+-----
Fighting       | 1 2 3 4 5 6 |  6.6
Necromancy     | 5 6 8 |  8.6
Polearms       | 1 2 3 4 5 7 8 |  8.2
Shields        | 2 |  2.2
Dodging        | |  1.7
Stealth        | |  1.7
Spellcasting   | |  2.0

Action                   |  1- 3 |  4- 6 |  7- 9 || total
-------------------------+-------+-------+-------++-------
Melee: Unarmed           |     4 |       |       ||     4
       Trident           |     8 |    26 |   195 ||   229
       Kick              |     1 |       |       ||     1
 Cast: Pain              |    81 |    89 |   288 ||   458
       Regeneration      |       |       |     5 ||     5
Evoke: Wand              |       |     6 |    12 ||    18
  Use: Scroll            |       |       |    11 ||    11
       Potion            |       |       |     4 ||     4
 Stab: Paralysed         |       |     8 |     9 ||    17
       Sleeping          |       |       |     2 ||     2
  Eat: Chunk             |     6 |     8 |    14 ||    28
       Ration            |       |       |     3 ||     3
Armor: Robe              |     6 |    13 |     4 ||    23
       Ring mail         |       |       |   222 ||   222
Dodge: Dodged            |     4 |    19 |   210 ||   233
Block: Buckler           |       |       |    12 ||    12
